| TOP OF THE 1ST |
|
Bowie Baysox batting - Pitching for Frisco RoughRiders : RHP Eric Richards
|
|
Pitching: RHP Eric Richards
|
|
|
Batting: RHB Joe Young
|
0-0: Called Strike 0-1: Called Strike 0-2: Ball 1-2: Strikes out looking
|
|
Batting: RHB Daniel Jackson
|
0-0: Ball 1-0: Ball 2-0: SOLO HOME RUN (Flyball, 7LD, EV 97.5 MPH), Distance : 373 ft
|
|
Batting: RHB Jonathan Mendoza
|
0-0: Called Strike 0-1: Called Strike 0-2: Strikes out swinging
|
|
Batting: RHB Josh Hopp
|
0-0: Ball 1-0: Called Strike 1-1: Ball 2-1: Ball 3-1: Base on Balls
|
|
Batting: SHB Chris Wright
|
0-0: Called Strike 0-1: Ball 1-1: Ball Josh Hopp steals 2nd base 2-1: Ball 3-1: Base on Balls
|
|
Batting: RHB Minoru Matsumoto
|
0-0: Called Strike 0-1: Called Strike 0-2: Ball 1-2: Fly out, F7 (Flyball, 7D, EV 91.9 MPH)
|
| Top of the 1st over - 1 run, 1 hit, 0 errors, 2 left on base; Bowie 1 - Frisco 0 |
| BOTTOM OF THE 1ST |
|
Frisco RoughRiders batting - Pitching for Bowie Baysox : RHP Wes Reynolds
|
|
Pitching: RHP Wes Reynolds
|
|
|
Batting: LHB Yoshinari Nara
|
0-0: Called Strike 0-1: Swinging Strike 0-2: Strikes out swinging
|
|
Batting: LHB Alfonso Collazo
|
0-0: Called Strike 0-1: Ball 1-1: Foul Ball, location: 2F 1-2: Strikes out swinging
|
|
Batting: RHB Sean Neuroth
|
0-0: Called Strike 0-1: Ball 1-1: Foul Ball, location: 2F 1-2: Strikes out looking
|
| Bottom of the 1st over - 0 runs, 0 hits, 0 errors, 0 left on base; Bowie 1 - Frisco 0 |
| TOP OF THE 2ND |
|
Bowie Baysox batting - Pitching for Frisco RoughRiders : RHP Eric Richards
|
|
Batting: RHB Marquis Major
|
0-0: Ball 1-0: Swinging Strike 1-1: Foul Ball, location: 2F 1-2: Fly out, F3 (Popup, 3SF, EV 69.4 MPH)
|
|
Batting: RHB Honório Szenes
|
0-0: Ground out 1-3 (Groundball, P, EV 65.0 MPH)
|
|
Batting: RHB Matthew Neal
|
0-0: Called Strike 0-1: Foul Ball, location: 2F 0-2: Strikes out looking
|
| Top of the 2nd over - 0 runs, 0 hits, 0 errors, 0 left on base; Bowie 1 - Frisco 0 |
| BOTTOM OF THE 2ND |
|
Frisco RoughRiders batting - Pitching for Bowie Baysox : RHP Wes Reynolds
|
|
Batting: RHB Jason Ostrom
|
0-0: Foul Ball, location: 2F 0-1: Ball 1-1: Foul Ball, location: 2F 1-2: Fly out, F6 (Popup, 6MS, EV 66.2 MPH)
|
|
Batting: RHB John Michener
|
0-0: Foul Ball, location: 2F 0-1: Ball 1-1: SINGLE (Flyball, 6D, EV 84.4 MPH)
|
|
Batting: RHB Danny Odom
|
0-0: Ball 1-0: Called Strike John Michener is caught stealing 2nd base 2-4 1-1: Called Strike 1-2: Foul Ball, location: 2F 1-2: Ball 2-2: Strikes out swinging
|
| Bottom of the 2nd over - 0 runs, 1 hit, 0 errors, 0 left on base; Bowie 1 - Frisco 0 |
| TOP OF THE 3RD |
|
Bowie Baysox batting - Pitching for Frisco RoughRiders : RHP Eric Richards
|
|
Batting: RHB Joe Young
|
0-0: Ball 1-0: Foul Ball, location: 2F 1-1: Foul Ball, location: 2F 1-2: Ground out 6-3 (Groundball, 6, EV 87.5 MPH)
|
|
Batting: RHB Daniel Jackson
|
0-0: Ball 1-0: Ball 2-0: Swinging Strike 2-1: Called Strike 2-2: Ball 3-2: SINGLE (Groundball, 4D, EV 101.9 MPH)
|
|
Batting: RHB Jonathan Mendoza
|
0-0: Ball 1-0: Foul Ball, location: 2F 1-1: Foul Ball, location: 2F 1-2: Foul Ball, location: 2F 1-2: Ball 2-2: Ball 3-2: Foul Ball, location: 2F 3-2: Base on Balls Daniel Jackson to second
|
|
Batting: RHB Josh Hopp
|
0-0: Ball 1-0: Foul Ball, location: 2F 1-1: DOUBLE (Groundball, 5L, EV 103.8 MPH) Daniel Jackson scores Jonathan Mendoza to third
|
|
Batting: SHB Chris Wright
|
0-0: Foul Ball, location: 2F 0-1: Foul Ball, location: 2F 0-2: Ball 1-2: Ball 2-2: Foul Ball, location: 2F 2-2: Foul Ball, location: 2F 2-2: Ball 3-2: Base on Balls
|
|
Batting: RHB Minoru Matsumoto
|
0-0: Grounds into double play, 2-3 (Groundball, 2R, EV 65.6 MPH)
|
| Top of the 3rd over - 1 run, 2 hits, 0 errors, 2 left on base; Bowie 2 - Frisco 0 |
| BOTTOM OF THE 3RD |
|
Frisco RoughRiders batting - Pitching for Bowie Baysox : RHP Wes Reynolds
|
|
Batting: RHB Sergio Godinez
|
0-0: Called Strike 0-1: Ball 1-1: Foul Ball, location: 2F 1-2: Fly out, F8 (Line Drive, 8RD, EV 95.6 MPH)
|
|
Batting: RHB Joe Kemp
|
0-0: Called Strike 0-1: Fly out, F9 (Flyball, 9D, EV 103.1 MPH)
|
|
Batting: RHB Darnell Jones
|
0-0: SINGLE (Flyball, 89S, EV 91.2 MPH)
|
|
Batting: LHB Yoshinari Nara
|
0-0: Ball Darnell Jones steals 2nd base 1-0: Fly out, F6 (Popup, 6, EV 69.4 MPH)
|
| Bottom of the 3rd over - 0 runs, 1 hit, 0 errors, 1 left on base; Bowie 2 - Frisco 0 |
| TOP OF THE 4TH |
|
Bowie Baysox batting - Pitching for Frisco RoughRiders : RHP Eric Richards
|
|
Batting: RHB Marquis Major
|
0-0: Called Strike 0-1: Called Strike 0-2: Strikes out swinging
|
|
Batting: RHB Honório Szenes
|
0-0: Fly out, F8 (Flyball, 8RD, EV 101.2 MPH)
|
|
Batting: RHB Matthew Neal
|
0-0: Swinging Strike 0-1: Ball 1-1: Ball 2-1: Ball 3-1: DOUBLE (Line Drive, 89D, EV 107.5 MPH)
|
|
Batting: RHB Joe Young
|
0-0: Ball 1-0: Called Strike 1-1: Swinging Strike 1-2: Fly out, F8 (Line Drive, 8RD, EV 89.4 MPH)
|
| Top of the 4th over - 0 runs, 1 hit, 0 errors, 1 left on base; Bowie 2 - Frisco 0 |
| BOTTOM OF THE 4TH |
|
Frisco RoughRiders batting - Pitching for Bowie Baysox : RHP Wes Reynolds
|
|
Batting: LHB Alfonso Collazo
|
0-0: Called Strike 0-1: Ball 1-1: Ground out 6-3 (Groundball, 4M, EV 83.1 MPH)
|
|
Batting: RHB Sean Neuroth
|
0-0: Ball 1-0: Fly out, F7 (Flyball, 7S, EV 81.2 MPH)
|
|
Batting: RHB Jason Ostrom
|
0-0: Called Strike 0-1: Ball 1-1: Foul Ball, location: 2F 1-2: Ball 2-2: Foul Ball, location: 2F 2-2: Ball 3-2: Ground out 6-3 (Groundball, 6, EV 93.8 MPH)
|
| Bottom of the 4th over - 0 runs, 0 hits, 0 errors, 0 left on base; Bowie 2 - Frisco 0 |
| TOP OF THE 5TH |
|
Bowie Baysox batting - Pitching for Frisco RoughRiders : RHP Eric Richards
|
|
Batting: RHB Daniel Jackson
|
0-0: Ball 1-0: Foul Ball, location: 2F 1-1: Reached on error, E5 (Groundball, 56, EV 83.8 MPH)
|
|
Batting: RHB Jonathan Mendoza
|
0-0: Called Strike 0-1: Ball 1-1: Foul Ball, location: 2F 1-2: Foul Ball, location: 2F 1-2: Ball 2-2: Strikes out swinging
|
|
Batting: RHB Josh Hopp
|
0-0: Ball 1-0: Foul Ball, location: 2F 1-1: Foul Ball, location: 2F 1-2: Strikes out swinging
|
|
Batting: SHB Chris Wright
|
0-0: Swinging Strike 0-1: Ball 1-1: Swinging Strike 1-2: Ball Pickoff Throw by Catcher to First - Out!
|
| Top of the 5th over - 0 runs, 0 hits, 1 error, 0 left on base; Bowie 2 - Frisco 0 |
| BOTTOM OF THE 5TH |
|
Frisco RoughRiders batting - Pitching for Bowie Baysox : RHP Wes Reynolds
|
|
Batting: RHB John Michener
|
0-0: Ball 1-0: Ball 2-0: Ball 3-0: Called Strike 3-1: Hit by Pitch
|
|
Batting: RHB Danny Odom
|
0-0: Ball 1-0: Ball 2-0: Foul Ball, location: 2F 2-1: Foul Ball, location: 2F 2-2: DOUBLE (Flyball, 89D, EV 88.8 MPH) John Michener to third
|
|
Batting: RHB Sergio Godinez
|
0-0: SINGLE (Groundball, 4MD, EV 106.9 MPH) John Michener scores Danny Odom to third Runner from 3rd tries for Home, SAFE, throw by CF to home
|
|
Batting: RHB Joe Kemp
|
0-0: Foul Ball, location: 2F 0-1: Ball 1-1: SINGLE (Groundball, 6D, EV 104.4 MPH) Sergio Godinez to second
|
|
Batting: RHB Darnell Jones
|
0-0: Ball 1-0: Grounds into double play, 4-6-3 (Groundball, 4, EV 90.6 MPH) Sergio Godinez to third
|
|
Batting: LHB Yoshinari Nara
|
0-0: Ball 1-0: Called Strike 1-1: Ball 2-1: Ball 3-1: Base on Balls
|
|
Batting: LHB Alfonso Collazo
|
0-0: Ball 1-0: Ground out 4-3 (Groundball, 34D, EV 79.4 MPH)
|
| Bottom of the 5th over - 2 runs, 3 hits, 0 errors, 2 left on base; Bowie 2 - Frisco 2 |
| TOP OF THE 6TH |
|
Bowie Baysox batting - Pitching for Frisco RoughRiders : RHP Eric Richards
|
|
Batting: SHB Chris Wright
|
0-0: Called Strike 0-1: Ball 1-1: Called Strike 1-2: Ball 2-2: Ball 3-2: Foul Ball, location: 2F 3-2: Fly out, F9 (Flyball, 89M, EV 74.4 MPH)
|
|
Batting: RHB Minoru Matsumoto
|
0-0: Called Strike 0-1: Ground out 6-3 (Groundball, 6, EV 88.8 MPH)
|
|
Batting: RHB Marquis Major
|
0-0: Called Strike 0-1: Swinging Strike 0-2: Ball 1-2: Foul Ball, location: 2F 1-2: Strikes out swinging
|
| Top of the 6th over - 0 runs, 0 hits, 0 errors, 0 left on base; Bowie 2 - Frisco 2 |
| BOTTOM OF THE 6TH |
|
Frisco RoughRiders batting - Pitching for Bowie Baysox : RHP Wes Reynolds
|
|
Batting: RHB Sean Neuroth
|
0-0: Ball 1-0: SINGLE (Groundball, 56D, EV 95.6 MPH)
|
|
Batting: RHB Jason Ostrom
|
0-0: Called Strike Sean Neuroth steals 2nd, throwing error, E2 Sean Neuroth to third 0-1: Ground out 5-3 (Groundball, 5S, EV 68.1 MPH)
|
|
Batting: RHB John Michener
|
0-0: Ball 1-0: Foul Ball, location: 2F 1-1: Ball 2-1: Ground out 6-3 (Groundball, 56S, EV 80.0 MPH)
|
|
Batting: RHB Danny Odom
|
0-0: Called Strike 0-1: Ball 1-1: Ground out 6-3 (Groundball, 6, EV 91.9 MPH)
|
| Bottom of the 6th over - 0 runs, 1 hit, 1 error, 1 left on base; Bowie 2 - Frisco 2 |
| TOP OF THE 7TH |
|
Bowie Baysox batting - Pitching for Frisco RoughRiders : RHP Eric Richards
|
|
Batting: RHB Honório Szenes
|
0-0: Ground out 5-3 (Groundball, 56S, EV 86.2 MPH)
|
|
Batting: RHB Matthew Neal
|
0-0: Swinging Strike 0-1: Called Strike 0-2: Strikes out swinging
|
|
Batting: RHB Joe Young
|
0-0: Swinging Strike 0-1: Ball 1-1: Foul Ball, location: 2F 1-2: Fly out, F7 (Flyball, 7, EV 87.5 MPH)
|
| Top of the 7th over - 0 runs, 0 hits, 0 errors, 0 left on base; Bowie 2 - Frisco 2 |
| BOTTOM OF THE 7TH |
|
Frisco RoughRiders batting - Pitching for Bowie Baysox : RHP Wes Reynolds
|
|
Batting: RHB Sergio Godinez
|
0-0: Swinging Strike 0-1: Ball 1-1: Called Strike 1-2: Ball 2-2: Ball 3-2: Strikes out swinging
|
|
Batting: RHB Joe Kemp
|
0-0: Ball 1-0: Ball 2-0: Foul Ball, location: 2F 2-1: Ground out U3 (Groundball, 3, EV 80.0 MPH)
|
|
Batting: RHB Darnell Jones
|
0-0: Called Strike 0-1: Ball 1-1: Ground out 5-3 (Groundball, 56, EV 82.5 MPH)
|
| Bottom of the 7th over - 0 runs, 0 hits, 0 errors, 0 left on base; Bowie 2 - Frisco 2 |
| TOP OF THE 8TH |
|
Bowie Baysox batting - Pitching for Frisco RoughRiders : RHP Eric Richards
|
|
Batting: RHB Daniel Jackson
|
0-0: Foul Ball, location: 2F 0-1: Ball 1-1: Foul Ball, location: 2F 1-2: Ball 2-2: Strikes out swinging
|
|
Batting: RHB Jonathan Mendoza
|
0-0: Ball 1-0: Foul Ball, location: 2F 1-1: Foul Ball, location: 2F 1-2: Foul Ball, location: 2F 1-2: Ball 2-2: Fly out, F7 (Line Drive, 7S, EV 95.0 MPH)
|
|
Batting: RHB Josh Hopp
|
0-0: Called Strike 0-1: Ball 1-1: Swinging Strike 1-2: Ball 2-2: Foul Ball, location: 2F 2-2: Ball 3-2: Ground out U3 (Groundball, 34, EV 109.4 MPH)
|
| Top of the 8th over - 0 runs, 0 hits, 0 errors, 0 left on base; Bowie 2 - Frisco 2 |
| BOTTOM OF THE 8TH |
|
Frisco RoughRiders batting - Pitching for Bowie Baysox : RHP Wes Reynolds
|
|
Batting: LHB Yoshinari Nara
|
0-0: Ball 1-0: Ground out 3-1 (Groundball, 34S, EV 88.8 MPH)
|
|
Batting: LHB Alfonso Collazo
|
0-0: Ground out U3 (Groundball, 3S, EV 67.5 MPH)
|
|
Batting: RHB Sean Neuroth
|
0-0: Swinging Strike 0-1: Ball 1-1: Foul Ball, location: 2F 1-2: Foul Ball, location: 2F 1-2: Ball 2-2: SINGLE (Line Drive, 3D, EV 100.0 MPH)
|
|
Pitching: RHP Harley Hyde
|
|
|
Pinch Hitting: LHB Jim Pankratz
|
0-0: Called Strike 0-1: Called Strike 0-2: Strikes out swinging
|
| Bottom of the 8th over - 0 runs, 1 hit, 0 errors, 1 left on base; Bowie 2 - Frisco 2 |
| TOP OF THE 9TH |
|
Bowie Baysox batting - Pitching for Frisco RoughRiders : RHP Eric Richards
|
|
Now in LF: Jorge Benites
|
|
|
Now in RF: Yoshinari Nara
|
|
|
Batting: SHB Chris Wright
|
0-0: Called Strike 0-1: Ball 1-1: Foul Ball, location: 2F 1-2: SINGLE (Groundball, 34D, EV 85.0 MPH) (infield hit)
|
|
Pitching: RHP Tom Jensen
|
|
|
Batting: RHB Minoru Matsumoto
|
0-0: Swinging Strike Pickoff Throw to First - Out! 1-3 0-1: Ball 1-1: Ball 2-1: Called Strike 2-2: Ball 3-2: Strikes out swinging
|
|
Batting: RHB Marquis Major
|
0-0: Called Strike 0-1: Called Strike 0-2: Strikes out looking
|
| Top of the 9th over - 0 runs, 1 hit, 0 errors, 0 left on base; Bowie 2 - Frisco 2 |
| BOTTOM OF THE 9TH |
|
Frisco RoughRiders batting - Pitching for Bowie Baysox : RHP Harley Hyde
|
|
Pitching: RHP Manny Rolfe
|
|
|
Batting: RHB John Michener
|
0-0: Foul Ball, location: 2F 0-1: Ball 1-1: Ground out U3 (Groundball, 34S, EV 87.5 MPH)
|
|
Batting: RHB Danny Odom
|
0-0: Ball 1-0: Ball 2-0: Ball 3-0: Base on Balls
|
|
Batting: RHB Sergio Godinez
|
0-0: Ball 1-0: Called Strike Danny Odom steals 2nd base 1-1: Intentional Walk
|
|
Pinch Hitting: LHB Joseph Martin
|
0-0: Ball 1-0: Ball 2-0: Ball 3-0: Base on Balls Danny Odom to third Sergio Godinez to second
|
|
Batting: RHB Darnell Jones
|
0-0: Ball 1-0: SINGLE (Groundball, 4MD, EV 95.0 MPH) Danny Odom scores
|
| Bottom of the 9th over - 1 run, 1 hit, 0 errors, 2 left on base; Bowie 2 - Frisco 3 |
|